 Dungeon Crawl Stone Soup version 0.31.0-12-g77e489cdc1 (webtiles) character file.

Game seed: 12350634409585083994

355 Arctor the Magician (level 6, -3/29 (32) HPs)
             Began as a Deep Elf Fire Elementalist on Feb 23, 2024.
             Shot with a sling bullet by a goblin (5 damage)
             ... on level 4 of the Dungeon.
             The game lasted 00:06:50 (4269 turns).

Arctor the Magician (Deep Elf Fire Elementalist)    Turns: 4269, Time: 00:06:50

HP:   -3/29 (32)    AC:  2    Str:  5    XL:     6   Next: 36%
MP:   7/15          EV: 13    Int: 22    God:
Gold: 192           SH:  0    Dex: 15    Spells: 5/14 levels left

rFire   . . .        n - +0 spear (freeze)
rCold   . . .        (no shield)
rNeg    . . .        a - +0 robe
rPois   .            (no helmet)
rElec   .            (no cloak)
rCorr   .            (no gloves)
SInv    .            (no boots)
Will    .....        (no amulet)
Stlth   +++          (no ring)
HPRegen 0.24/turn    (no ring)
MPRegen 0.14/turn

%: no passive effects
@: drained
A: no striking features
a: no special abilities


You were on level 4 of the Dungeon.
You visited 1 branch of the dungeon, and saw 4 of its levels.

You collected 192 gold pieces.

Inventory:

Hand Weapons
 n - a +0 spear of freezing (weapon)
Armour
 a - a +0 robe (worn)
Jewellery
 e - a ring of ice
 m - an amulet of faith
Scrolls
 c - a scroll of enchant armour {unknown}
 g - 2 scrolls of teleportation
 h - 2 scrolls of fog {unknown}
 k - a scroll of acquirement
Potions
 b - 2 potions of magic
 d - a potion of might
 f - a potion of lignification
 i - 3 potions of curing {unknown}
 j - a potion of mutation {unknown}
 l - a potion of brilliance {unknown}


   Skills:
 + Level 4.2 Dodging
 + Level 4.4 Stealth
 + Level 4.8 Spellcasting
 + Level 3.2 Conjurations
 + Level 4.5 Fire Magic


You had 5 spell levels left.
You knew the following spells:

 Your Spells              Type           Power      Damage    Failure   Level
a - Foxfire               Conj/Fire      88%        2x1d8     1%          1
b - Scorch                Fire           50%        2d7       2%          2
c - Inner Flame           Hex/Fire       15%        N/A       12%         3
d - Volatile Blastmotes   Fire/Tloc      30%        2d12      12%         3

Your spell library contained the following spells:

 Spells                   Type           Power      Damage    Failure   Level
 Kiss of Death            Conj/Necr      48%        2d9       5%          1
 Apportation              Tloc           10%        N/A       11%         1
 Jinxbite                 Hex            10%        N/A       16%         2
 Flame Wave               Conj/Fire      22%        2d8       21%         4
 Confusing Touch          Hex            5%         N/A       30%         3
 Dispel Undead            Necr           5%         3d7       71%         4
 Alistair's Intoxication  Alch           3%         N/A       96%         5


Dungeon Overview and Level Annotations

Branches:
Dungeon (4/15)
 Temple: D:4-7

Altars:

Shops:
D:2 =


Message History

You conjure some foxfire!
The foxfire hits the orc wizard but does no damage. x2
You conjure some foxfire!
The foxfire hits the orc warrior but does no damage.
Unknown command.
You conjure some foxfire!
The foxfire hits the orc warrior but does no damage.
A goblin comes into view. It is wielding a +0 dagger.
Casting: Foxfire (safe; 1% risk of failure)
Confirm with . or Enter, or press ? or * to list all spells.
Flames lash the orc warrior.
The orc warrior is lightly wounded.
The orc warrior's fire resistance burns away.
The foxfire hits the orc warrior but does no damage.
The orc warrior is lightly wounded.
The foxfire hits the orc warrior but does no damage.
The orc warrior is lightly wounded.
The foxfire hits the orc warrior but does no damage.
The orc warrior is lightly wounded.
Your foxfire dissipates!
The orc wizard casts a spell.
The orc wizard flickers and vanishes!
Deactivating autopickup; reactivate with Ctrl-A.
The goblin unwields a +0 dagger.
The goblin wields a +0 sling.
The goblin shoots a sling bullet.
The sling bullet hits you.
The orc warrior unwields a +0 long sword.
The orc warrior wields a +0 orcbow of draining.
You sense an unholy aura.
The orc warrior shoots an arrow.
The arrow closely misses you.
Your foxfire dissipates!
The orc warrior shoots an arrow.
The arrow hits you!
You feel drained.
The goblin shoots a sling bullet.
The sling bullet completely misses you.
The orc warrior is no longer more vulnerable to fire.
The orc warrior shoots an arrow.
The arrow hits you!
* * * LOW HITPOINT WARNING * * *
You feel drained.
* * * LOW HITPOINT WARNING * * *
The goblin shoots a sling bullet.
The sling bullet closely misses you.
The goblin shoots a sling bullet.
The sling bullet hits you.
You die...

..... .. .... o#
#..####o# #.....o.#
###...# #. #.....# #.
###..#.##
#.####...##.#
#..#..<@.##.#
##.....#####.. ###
#....g.### ###
...####.##.....######.
#..#.. ###.##........
#...###...#########.
######..#...######
...................
...#.#.#..#########


You could see an orc warrior and a goblin.

Vanquished Creatures
  Grinder (D:3)
  A hound (D:4)
  4 gnolls (D:3)
  2 adders (D:3)
  4 dart slugs
  4 ribbon worms
  An orc (D:4)
  5 ball pythons
  2 giant cockroaches
  3 goblins
  5 hobgoblins
  7 jackals (D:1)
  4 quokkas
  4 bats
  4 frilled lizards
  3 kobolds
  6 rats
60 creatures vanquished.

Vanquished Creatures (others)
  273 foxfires
273 creatures vanquished.

Grand Total: 333 creatures vanquished

Notes
Turn   | Place    | Note
-------+----------+-------------------------------------------
     0 | D:1      | Arctor the Deep Elf Fire Elementalist began the quest for
                  | the Orb.
     0 | D:1      | Reached XP level 1. HP: 10/10 MP: 6/6
   198 | D:1      | Reached XP level 2. HP: 15/15 MP: 5/8
   250 | D:1      | Learned a level 2 spell: Scorch
  1139 | D:1      | Reached XP level 3. HP: 19/19 MP: 7/9
  1201 | D:1      | Learned a level 3 spell: Inner Flame
  1903 | D:2      | Found Ruvel's One-of-a-Kind Rings.
  2475 | D:2      | Identified the +4 short sword of Woxtumac {drain, rElec
                  | rPois rC- SInv}
  3241 | D:3      | Reached XP level 4. HP: 24/24 MP: 7/11
  3377 | D:3      | Noticed Grinder
  3382 | D:3      | Learned a level 3 spell: Volatile Blastmotes
  3382 | D:3      | Paralysed by Grinder for 4 turns
  3474 | D:3      | Killed Grinder
  3475 | D:3      | Reached XP level 5. HP: 28/28 MP: 4/14
  3475 | D:3      | Reached XP level 6. HP: 32/32 MP: 4/15
  3591 | D:3      | Identified the +0 helmet of Vexation {rElec rC- rCorr
                  | Stlth+}
  3657 | D:3      | Identified a scroll of acquirement
  4259 | D:4      | Noticed an orc warrior
  4269 | D:4      | Shot with a sling bullet by a goblin

Illustrated notes

Levels and vault maps discovered:
D:1:      wander_arrival_chamber, layout_loops_cross, minmay_pentomino_o2
D:2:      layout_basic, nicolae_shop_unique_rings, interstate_on_off
D:3:      layout_basic, uniq_grinder
D:4:      layout_rooms, cheibrodos_sewer_entry_drain, minmay_cut_off,
          uniq_duvessa

Skill      XL: |  1  2  3  4 |
---------------+-------------+-----
Stealth        | 3 4 |  4.4
Dodging        | 3 4 |  4.2
Conjurations   | 2 3 |  3.2
Spellcasting   | 4 |  4.8
Fire Magic     | 4 |  4.5

Action                     |  1- 3 |  4- 6 || total
---------------------------+-------+-------++-------
  Melee: Unarmed           |    10 |       ||    10
   Cast: Foxfire           |   130 |    50 ||   180
         Scorch            |    10 |     9 ||    19
         Volatile Blastmot |       |     3 ||     3
    Use: Scroll            |       |     4 ||     4
 Armour: Robe              |    18 |     6 ||    24
  Dodge: Dodged            |    34 |     5 ||    39
